 Dungeon Crawl Stone Soup version 0.31.0-4-g52a2dc7128 (webtiles) character file.

Game seed: 1883405823273967417

2 PAMOHbI411 the Digger (level 1, -1/10 HPs)
             Began as a Gargoyle Earth Elementalist on Jan 21, 2024.
             Killed from afar by Sigmund (11 damage)
             ... with a magic dart
             ... on level 2 of the Dungeon.
             The game lasted 00:00:21 (91 turns).

PAMOHbI411 the Digger (Gargoyle Earth Elementalist)   Turns: 91, Time: 00:00:21

Health: -1/10      AC:  4    Str: 11    XL:     1   Next: 40%
Magic:  2/3        EV: 11    Int: 15    God:
Gold:   20         SH:  0    Dex: 10    Spells: 3/4 levels left

rFire   . . .        (no weapon)
rCold   . . .        (no shield)
rNeg    + . .        a - +0 robe
rPois   ∞            (no helmet)
rElec   +            (no cloak)
rCorr   .            (no gloves)
SInv    .            (no boots)
Will    .....        (no amulet)
Stlth   ++           (no ring)
HPRegen 0.21/turn    (no ring)
MPRegen 0.08/turn

%: no passive effects
@: no status effects
A: sickness immunity, AC +2, negative energy resistance 1, electricity
resistance, torment resistance 1, petrification resistance
a: no special abilities


You were on level 2 of the Dungeon.
You visited 1 branch of the dungeon, and saw 2 of its levels.

You collected 20 gold pieces.

Inventory:

Armour
 a - a +0 robe (worn)
Scrolls
 c - a scroll of identify {unknown}
Potions
 b - a potion of magic


   Skills:
 - Level 1.5 Dodging
 - Level 2.1 Stealth
 + Level 2.0 Spellcasting
 * Level 1.1 Conjurations
 * Level 3.8 Earth Magic


You had 3 spell levels left.
You knew the following spells:

 Your Spells              Type           Power      Damage    Failure   Level
a - Sandblast             Erth           26%        2d8       4%          1

Your spell library contained the following spells:

 Spells                   Type           Power      Damage    Failure   Level
 Passwall                 Erth           13%        N/A       14%         3
 Stone Arrow              Conj/Erth      18%        3d8       24%         3
 Brom's Barrelling Bould  Conj/Erth      9%         2d3       61%         4
 Petrify                  Alch/Erth      7%         N/A       69%         4


Dungeon Overview and Level Annotations

Branches:
Dungeon (2/15)

Altars:

Shops:
D:1 (

Annotations:
D:2 Sigmund


Innate Abilities, Weirdness & Mutations

You are immune to sickness and miasma.
Your stone body is resilient. (AC +2)
You are immune to poison.
You resist negative energy. (rN+)
You are resistant to electric shocks. (rElec)
You are resistant to unholy torment.
You are immune to petrification.


Message History

The shaft crumbles and collapses.
Found a stone staircase leading down.
Found a stone staircase leading down.
A hobgoblin comes into view.
Unknown command.
A hobgoblin is nearby!
A hobgoblin is nearby!
Unknown command.
Found 11 gold pieces and a sling.
The hobgoblin shouts!
You hear a shout!
You hear a loud squeak.
The blast of sand hits the hobgoblin.
The hobgoblin is severely wounded.
Sigmund the Dreaded comes into view.
He is wielding a +0 scythe.
There are monsters nearby!
Unknown command.
The blast of sand hits the hobgoblin.
You kill the hobgoblin!
A kobold comes into view. It is wielding a +0 whip.
A rat comes into view.
Sigmund points at you and mumbles some strange words.
You are confused.
You hear a shout!
The kobold shouts!
You bump into the rock wall.
The kobold throws a stone.
The stone closely misses you.
You bump into the rock wall.
The kobold throws a stone.
The stone hits you but does no damage.
Sigmund says, "You will soon forget everything."
Unknown command.
You feel less confused. The kobold misses you.
Sigmund gestures wildly while chanting.
Sigmund flickers and vanishes!
Deactivating autopickup; reactivate with Ctrl-A.
The kobold throws a stone.
The stone closely misses you.
There is a stone staircase leading down here.
A magic dart appears from out of thin air!
The magic dart hits you!
Ouch! That really hurt!
You die...

####....>....# #
#...........###.##
#.@...##....!
####.....#....#
......##...#
#####....#{######
#.#.r..K....###
#.#####.###...#####
## #@...........
#############


You could see a kobold.

Vanquished Creatures
  A goblin (D:1)
  A hobgoblin (D:2)
2 creatures vanquished.

Notes
Turn   | Place    | Note
-------+----------+-------------------------------------------
     0 | D:1      | PAMOHbI411 the Gargoyle Earth Elementalist began the quest
                  | for the Orb.
     0 | D:1      | Reached XP level 1. HP: 10/10 MP: 3/3
    30 | D:1      | Found Qocexivu's Weapon Boutique.
    66 | D:1      | You fall into a shaft and drop 1 floor!
    78 | D:2      | Noticed Sigmund
    91 | D:2      | Killed from afar by Sigmund

Illustrated notes

Levels and vault maps discovered:
D:1:      mrwooster_arrival_statue, layout_basic, serial_shops,
          nicolae_lakefront_shop, nicolae_book_shop_shelving,
          nicolae_shop_tiny_statue_garden, nicolae_shop_mannequins,
          nicolae_shop_trees
D:2:      layout_rooms, serial_shops, nicolae_shop_waterfront, shop, shop,
          uniq_sigmund

Action                     || total
---------------------------++-------
   Cast: Sandblast         ||     3
 Armour: Robe              ||     2
  Dodge: Dodged            ||     3
